 Dungeon Crawl Stone Soup version 0.31.0-11-ge490571c62 (webtiles) character file.

Game seed: 15972872317598328075

59 solopath the Trooper (level 3, -3/30 HPs)
             Began as a Demonspawn Monk on Jan 27, 2024.
             Slain by a cerulean imp
             ... wielding a +3 spear
             ... summoned by Natasha
              (5 damage)
             ... on level 2 of the Dungeon.
             The game lasted 00:01:05 (1270 turns).

solopath the Trooper (Demonspawn Monk)              Turns: 1270, Time: 00:01:05

Health: -3/30      AC:  2    Str: 11    XL:     3   Next: 78%
Magic:  3/3        EV: 13    Int: 12    God:
Gold:   71         SH:  0    Dex: 15    Spells: 2/2 levels left

rFire   . . .        a - +0 spear
rCold   . . .        d - orb {light}
rNeg    . . .        b - +0 robe
rPois   .            (no helmet)
rElec   .            (no cloak)
rCorr   .            (no gloves)
SInv    .            (no boots)
Will    .....        (no amulet)
Stlth   +            (no ring)
HPRegen 0.25/turn    (no ring)
MPRegen 0.08/turn

%: no passive effects
@: glowing
A: powered by death 1
a: no special abilities


You were on level 2 of the Dungeon.
You visited 1 branch of the dungeon, and saw 2 of its levels.

You collected 71 gold pieces.

Inventory:

Hand Weapons
 a - a +0 spear (weapon)
Armour
 b - a +0 robe (worn)
 d - an orb of light (worn)
Jewellery
 j - an amulet of magic regeneration
Wands
 i - a wand of flame (27)
Scrolls
 e - a scroll of noise {unknown}
 h - a scroll of identify {unknown}
 k - a scroll of enchant armour {unknown}
 l - a scroll of fog {unknown}
 m - a scroll of teleportation {unknown}
 n - a scroll of blinking {unknown}
Potions
 c - a potion of ambrosia
 f - a potion of brilliance {unknown}
 g - a potion of curing {unknown}
 o - a potion of enlightenment {unknown}


   Skills:
 + Level 3.7 Fighting
 + Level 3.2 Polearms
 + Level 3.3 Dodging


You had 2 spell levels left.
You didn't know any spells.
Your spell library contained the following spells:

 Spells                   Type           Power      Damage    Failure   Level
 Freeze                   Ice            0%         1d3       32%         1
 Frozen Ramparts          Ice            0%         1d1       69%         3
 Hailstorm                Conj/Ice       0%         3d5       69%         3


Dungeon Overview and Level Annotations

Branches:
Dungeon (2/15)

Altars:

Annotations:
D:2 Natasha


Innate Abilities, Weirdness & Mutations

You regenerate a little health from kills.


Message History

Natasha mumbles some strange words.
The cerulean imp closely misses you.
You reach to attack!
You closely miss the cerulean imp.
The cerulean imp hits you from afar with a +2 spear.
You reach to attack!
You hit the cerulean imp.
The cerulean imp is heavily wounded.
The cerulean imp hits you from afar with a +2 spear.
You reach to attack!
You hit the cerulean imp but do no damage.
The cerulean imp is heavily wounded.
The cerulean imp closely misses you.
Natasha mumbles some strange words.
You hit the cerulean imp.
The cerulean imp is moderately wounded.
The cerulean imp hits you from afar with a +2 spear. x2
Natasha barely misses you.
The cerulean imp hits you with a +3 spear.
You are too injured to fight recklessly!
You are too injured to fight recklessly!
You are too injured to fight recklessly!
You are too injured to fight recklessly!
You are too injured to fight recklessly!
You are too injured to fight recklessly!
You are too injured to fight recklessly!
You are too injured to fight recklessly!
You are too injured to fight recklessly!
You are too injured to fight recklessly!
You are too injured to fight recklessly!
You are too injured to fight recklessly!
You are too injured to fight recklessly!
You are too injured to fight recklessly!
You are too injured to fight recklessly!
Unknown command.
You hit Natasha but do no damage. The cerulean imp misses you.
The cerulean imp hits you from afar with a +2 spear.
* * * LOW HITPOINT WARNING * * *
Natasha claws you!
* * * LOW HITPOINT WARNING * * *
The cerulean imp hits you with a +3 spear.
You die...

######### #.......#
#....# #.......#
#....#### #.......#
#....#... #..55...#
#....#... #5h..#
#....#... #.@..#
#....#... #....#
#....#... #....#
#....#†.. #....#
#>....†.. #....#
#.....†..
#....######....####
#............###
#............#
######.........######


You could see Natasha and 3 cerulean imps.

Vanquished Creatures
  2 adders (D:2)
  A ribbon worm (D:2)
  An endoplasm (D:2)
  3 giant cockroaches
  3 goblins
  5 hobgoblins
  5 jackals (D:2)
  A quokka (D:2)
  2 ball pythons (D:2)
  3 bats (D:2)
  3 frilled lizards (D:1)
  5 kobolds
  A rat (D:2)
35 creatures vanquished.

Notes
Turn   | Place    | Note
-------+----------+-------------------------------------------
     0 | D:1      | solopath the Demonspawn Monk began the quest for the Orb.
     0 | D:1      | Reached XP level 1. HP: 18/18 MP: 1/1
   577 | D:2      | Gained mutation: You regenerate a little health from kills.
                  | [demonic ancestry]
   577 | D:2      | Reached XP level 2. HP: 24/24 MP: 2/2
   698 | D:2      | Reached XP level 3. HP: 29/29 MP: 3/3
  1263 | D:2      | Noticed Natasha
  1270 | D:2      | Slain by a cerulean imp

Illustrated notes

Levels and vault maps discovered:
D:1:      lightli_arrival_lavapool, layout_basic
D:2:      minmay_skewed_foursquare, layout_basic, minmay_between, uniq_natasha

Skill      XL: |  1  2 |
---------------+-------+-----
Polearms       | 3 |  3.2
Dodging        | 3 |  3.3
Fighting       | |  3.7

Action                     || total
---------------------------++-------
  Melee: Spear             ||   146
   Stab: Sleeping          ||     1
 Armour: Robe              ||    56
  Dodge: Dodged            ||   107
